 Dungeon Crawl Stone Soup version 0.30.1-4-g462c640d31 (webtiles) character file.

Game seed: 13939466495248400634

184557 Peloso the Tortoise (level 17, -5/168 HPs)
             Began as a Minotaur Fighter on Sept 12, 2023.
             Was a High Priest of Okawaru.
             Slain by Ilsuiw
             ... wielding a +4 trident of freezing
              (6 damage)
             ... on level 3 of the Shoals.
             The game lasted 01:31:42 (37315 turns).

Peloso the Tortoise (Minotaur Fighter)             Turns: 37315, Time: 01:31:43

Health: -5/168     AC: 25    Str: 19    XL:     17   Next: 78%
Magic:  19/19      EV:  9    Int: 12    God:    Okawaru [*****.]
Gold:   2383       SH: 16    Dex: 15    Spells: 16/16 levels left

rFire   . . .        c - +3 scimitar (flame)
rCold   . . .        d - +2 kite shield {reflect}
rNeg    . . .        X - +1 plate armour of Focus {Regen+ Str-5 Int+7}
rPois   +            q - +0 hat {Will+}
rElec   .            U - +0 cloak "Iteot" {Slay+3}
rCorr   .            (no gloves)
SInv    .            j - +2 pair of boots
Will    ++...        L - amulet of regeneration Stlth
                     B - +4 ring of slaying
HPRegen 2.08/turn    A - ring of poison resistance
MPRegen 0.16/turn

%: reflection
@: mighty, engulfed (cannot breathe), mesmerised, very slow
A: horns 2, retaliatory headbutt
a: Renounce Religion, Heroism, Finesse, Duel


You were on level 3 of the Shoals.
You worshipped Okawaru.
Okawaru was extremely pleased with you.
You visited 6 branches of the dungeon, and saw 29 of its levels.
You visited the Abyss 1 time.
You also visited: Gauntlet and Ice Cave.

You collected 3014 gold pieces.
You spent 631 gold pieces at shops.

Inventory:

Hand Weapons
 a - a +4 long sword of electrocution
 b - a +5 falchion of holy wrath
 c - a +3 scimitar of flaming (weapon)
Missiles
 t - a throwing net (quivered)
Armour
 d - a +2 kite shield of reflection (worn)
 j - a +2 pair of boots (worn)
 k - a +1 tower shield of positive energy
 q - a +0 hat of willpower (worn)
 U - the +0 cloak "Iteot" (worn) {Slay+3}
   (You found it in a Gauntlet)

   Slay:      It affects your accuracy & damage with ranged weapons and melee
   (+3).
 X - the +1 plate armour of Focus (worn) {Regen+ Str-5 Int+7}
   (You took it off a minotaur in a Gauntlet)

   Str:       It affects your strength (-5).
   Int:       It affects your intelligence (+7).
   Regen:     It increases your rate of health regeneration.
 Y - a +0 cloak of willpower
Jewellery
 r - a ring of protection from cold
 A - a ring of poison resistance (right hand)
 B - a +4 ring of slaying (left hand)
 F - a ring of protection from cold
 L - an amulet of regeneration (around neck)
Wands
 n - a wand of quicksilver (4)
 p - a wand of roots (8)
 R - a wand of digging (7)
Scrolls
 f - 2 scrolls of amnesia
 i - a scroll of enchant armour
 m - 2 scrolls of fear
 o - 2 scrolls of poison
 u - 10 scrolls of immolation
 v - 8 scrolls of teleportation
 w - 4 scrolls of magic mapping
 C - a scroll of acquirement
 Q - 9 scrolls of identify
Potions
 e - 6 potions of might
 g - 2 potions of heal wounds
 h - 15 potions of curing
 l - 3 potions of haste
 s - a potion of brilliance
 z - 2 potions of berserk rage
 D - a potion of resistance
 I - 2 potions of flight
 V - 2 potions of invisibility


   Skills:
 + Level 19.4 Fighting
 + Level 19.4 Long Blades
 + Level 4.2 Axes
 + Level 20.1 Armour
 + Level 5.1 Dodging
 + Level 2.5 Stealth
 + Level 17.7 Shields
 + Level 4.3 Invocations
 + Level 1.2 Evocations


You had 16 spell levels left.
You didn't know any spells.
Your spell library contained the following spells:

 Spells                   Type           Power      Damage    Failure   Level
 Apportation              Tloc           0%         N/A       98%         1
 Foxfire                  Conj/Fire      0%         2x1d4     98%         1
 Freeze                   Ice            0%         1d3       98%         1
 Magic Dart               Conj           0%         1d3       98%         1
 Necrotise                Necr           0%         1d4       98%         1
 Sandblast                Erth           0%         2d4       98%         1
 Blink                    Tloc           0%         N/A       99%         2
 Passwall                 Tmut/Erth      0%         N/A       99%         2
 Sublimation of Blood     Necr           0%         N/A       99%         2
 Frozen Ramparts          Ice            0%         1d1       100%        3
 Gell's Gravitas          Tloc           0%         N/A       100%        3
 Hailstorm                Conj/Ice       0%         3d3       100%        3
 Inner Flame              Hex/Fire       0%         N/A       100%        3
 Mephitic Cloud           Conj/Pois/Air  0%         N/A       100%        3
 Ozocubu's Armour         Ice            0%         N/A       100%        3
 Portal Projectile        Hex/Tloc       0%         N/A       100%        3
 Stone Arrow              Conj/Erth      0%         3d7       100%        3
 Teleport Other           Tloc           0%         N/A       100%        3
 Vhi's Electric Charge    Tloc/Air       0%         N/A       100%        3
 Volatile Blastmotes      Fire/Tloc      0%         2d10      100%        3
 Flame Wave               Conj/Fire      0%         2d4       100%        4
 Fulminant Prism          Conj/Hex       0%         3d5       100%        4
 Iskenderun's Mystic Bla  Conj/Tloc      0%         2d3       100%        4
 Manifold Assault         Tloc           0%         N/A       100%        4
 Petrify                  Tmut/Erth      0%         N/A       100%        4
 Sticky Flame             Conj/Fire      0%         2d3       100%        4
 Blade Hands              Tmut           0%         N/A       100%        5
 Fireball                 Conj/Fire      0%         3d3       100%        5
 Irradiate                Conj/Tmut      0%         3d11      100%        5
 Lee's Rapid Deconstruct  Erth           0%         3d4*      100%        5
 Yara's Violent Unravell  Hex/Tmut       0%         3d3       100%        5
 Dispersal                Tloc           0%         N/A       100%        6
 Dragon Form              Tmut           0%         N/A       100%        7
 Enfeeble                 Hex            0%         N/A       100%        7
 Ozocubu's Refrigeration  Ice            0%         4d7       100%        7
 Storm Form               Tmut/Air       0%         N/A       100%        7
 Summon Small Mammal      Summ           Unusable   N/A       N/A         1
 Call Imp                 Summ           Unusable   N/A       N/A         2
 Tukima's Dance           Hex            Unusable   N/A       N/A         3
 Summon Ice Beast         Ice/Summ       Unusable   N/A       N/A         4
 Summon Mana Viper        Hex/Summ       Unusable   N/A       N/A         5
 Malign Gateway           Summ/Tloc      Unusable   N/A       N/A         7
 Monstrous Menagerie      Summ           Unusable   N/A       N/A         7
 Summon Horrible Things   Summ           Unusable   N/A       N/A         8

Dungeon Overview and Level Annotations

Branches:
Dungeon (15/15)            Temple (1/1) D:5            Lair (5/5) D:11
 Shoals (3/4) Lair:2        Snake (3/4) Lair:3        Slime (0/5) Lair:5
    Orc (2/2) D:10            Elf (0/3) Orc:2        Vaults (0/5) D:13
 Depths (0/4) D:15          IceCv (visited)         Gauntlet (visited)

Altars:
Ashenzari
Cheibriados
Dithmenos
Elyvilon
Fedhas
Gozag
Hepliaklqana
Kikubaaqudgha
Makhleb
Nemelex Xobeh
Okawaru
Qazlal
Ru
Sif Muna
Trog
Uskayaw
Vehumet
Wu Jian
Xom
Yredelemnul
Zin
The Shining One
Jiyva

Shops:
D:3 *   D:6 [   Orc:2 :?![*   Snake:2 :*(*??(

Annotations:
D:9 Casa
Shoals:3 Ilsuiw


Innate Abilities, Weirdness & Mutations

You have a pair of horns on your head.
You reflexively headbutt those who attack you in melee.


Message History

Something hits you but does no damage. You block the water elemental's attack.
The water elemental hits you.
The merfolk siren chants a haunting song.
You resist with some effort.
The merfolk siren chants a haunting song.
You resist with almost no effort. You block the merfolk's attack.
You feel much better.
* * * LOW HITPOINT WARNING * * *
Your lungs strain for air!
You block something's attack. The water elemental hits you. x2
The merfolk siren chants a haunting song.
You resist with almost no effort.
The merfolk siren chants a haunting song.
You resist with almost no effort. You block the merfolk's attack.
Your unstable footing causes you to fumble your attack.
* * * LOW HITPOINT WARNING * * *
Your lungs strain for air!
Something hits you but does no damage. The water elemental hits you.
You block the water elemental's attack.
Unknown command.
Your unstable footing causes you to fumble your attack.
* * * LOW HITPOINT WARNING * * *
Your lungs strain for air!
The merfolk siren chants a haunting song.
You are mesmerised by the merfolk siren!
You block the merfolk's attack. The merfolk siren closely misses you.
Something hits you!
* * * LOW HITPOINT WARNING * * *
Something freezes you.
* * * LOW HITPOINT WARNING * * *
You block the water elemental's attack. The water elemental hits you.
Your unstable footing causes you to fumble your attack.
* * * LOW HITPOINT WARNING * * *
Your lungs strain for air!
The merfolk siren chants its luring song.
The merfolk hits you from afar with a +0 trident!
* * * LOW HITPOINT WARNING * * *
The merfolk siren completely misses you.
Something hits you.
You die...

≈≈≈≈≈≈~~~~~~~~~≈≈##~≈~##≈≈≈
≈≈≈≈≈≈≈~~~~~≈≈~≈≈#~≈≈≈~#≈~~
≈≈≈≈≈≈≈~~~~≈≈≈~~≈##~≈~##~~≈
≈≈≈≈≈~~~~≈≈≈≈~~~#~≈~#≈~≈≈
≈≈≈≈≈~~~≈≈≈###≈~~≈≈≈≈~~#
≈≈≈≈≈~~~≈≈##~##≈~≈≈~~~##~
≈≈≈≈≈~~~≈##~≈~~≈~~~~≈≈~~≈
≈≈≈≈≈≈~~≈#~≈≈{E≈≈~~~≈≈≈≈≈
≈≈≈≈≈~~~≈##~EE@≈≈~~~~≈~~≈
≈≈≈≈≈~~~≈≈##~##mm~≈≈~≈##~
≈≈≈≈≈~~~≈≈≈###~m≈≈≈≈~~≈#
≈≈≈≈≈~~~m≈m≈≈mm≈#~≈~#~~~≈
≈≈~~~≈~~~≈≈≈mm~##~≈~##≈~~
≈~~....~~.≈~m~≈#~≈≈≈~#≈≈~
≈~~~......~m≈≈≈##~≈~## ≈~
~~~....)..~.≈≈≈≈##~##
..~~..≈≈≈ ##


You could see a merfolk, 3 water elementals and 2 merfolk sirens.

Vanquished Creatures
  Polyphemus (Shoals:2)
  Gastronok (D:9)
  Kirke (Shoals:1)
  A sphinx (D:13)
  3 reapers (IceCv)
  A very ugly thing (IceCv)
  Nessos (D:12)
  The ghost of runemage the Blocker, a journeyman GnFi of Ashenzari (Lair:4)
  A minotaur (Gauntlet)
  2 ettins (D:13)
  4 merfolk impalers
  A great orb of eyes (D:13)
  A fire dragon (Lair:5)
  A rakshasa (D:13)
  Fannar (D:12)
  5 vault guards (D:13)
  A catoblepas (Shoals:1)
  2 caustic shrike simulacra (IceCv)
  7 hydras
  2 merfolk aquamancers
  A death knight (D:13)
  An alligator snapping turtle (Shoals:3)
  2 merfolk avatars (Shoals:2)
  7 anacondas
  10 centaur warriors
  4 ogre magi
  4 boulder beetles
  3 deep troll earth magi (D:13)
  25 two-headed ogres
  5 naga warriors
  Urug (Lair:4)
  2 tengu warriors (D:13)
  4 death yaks (Shoals:1)
  The ghost of Voland the Destroyer, a journeyman TeAE of Sif Muna (Orc:1)
  10 naga sharpshooters
  3 shock serpents
  A fire crab (Lair:5)
  Amaemon (Lair:2)
  5 skeletal warriors
  2 salamander mystics
  2 skysharks
  3 deep trolls
  3 sea snakes (Snake:2)
  A swamp dragon (Lair:5)
  A phantasmal warrior (D:15)
  2 obsidian statues (IceCv)
  4 spriggan simulacra
  2 naga ritualists
  A bog body (IceCv)
  A deep elf archer (D:13)
  A necromancer (D:15)
  7 mana vipers
  4 orc knights
  Pikel (D:7)
  A mana viper (shapeshifter) (D:13)
  6 harpies
  3 oklob plants
  2 iron dragon zombies (D:15)
  2 deep elf pyromancers
  5 manticores
  12 ugly things
  An orc sorcerer (Orc:2)
  7 cyclopes
  8 salamanders
  A stone giant zombie (D:15)
  2 fauns (Shoals:2)
  4 water nymphs
  6 elephants (Lair:5)
  4 merfolk sirens (Shoals:2)
  24 black mambas
  2 guardian serpents (Snake:3)
  A smoke demon (Abyss:1)
  An orange demon (Lair:3)
  12 cane toads
  8 naga magi
  2 gargoyles
  A rime drake (shapeshifter) (D:15)
  An unseen horror (D:12)
  A kobold demonologist (D:10)
  A hellion (Gauntlet)
  A spriggan zombie (D:15)
  An efreet (D:14)
  2 yaktaurs (D:13)
  4 freezing wraiths
  An ice devil (IceCv)
  4 rime drakes
  10 komodo dragons
  A meliai (shapeshifter) (D:12)
  5 tengu conjurers (D:13)
  6 golden dragon simulacra (IceCv)
  17 trolls
  3 meliai (D:15)
  A queen bee (Gauntlet)
  11 polar bears
  12 merfolk
  A wind drake (Shoals:1)
  A hornet (D:11)
  Prince Ribbit (D:8)
  A harpy skeleton (Abyss:1)
  A snapping turtle (shapeshifter) (D:13)
  3 raiju (Lair:5)
  2 snapping turtles
  5 dream sheep (Lair:5)
  13 blink frogs
  2 centaur simulacra (D:14)
  7 shadows
  4 slime creatures (D:13)
  8 water elementals
  2 wraiths
  30 yaks
  A vampire (D:11)
  A dire elephant simulacrum (D:14)
  5 hogs (Shoals:1)
  7 wyverns
  A human (D:13)
  A steam dragon (shapeshifter) (D:13)
  4 basilisks
  2 minotaur simulacra (D:14)
  8 vampire mosquitoes
  2 steam dragons
  7 wargs
  32 nagas
  A harpy simulacrum (D:14)
  12 water moccasins
  Duvessa (D:7)
  2 hydra simulacra (IceCv)
  3 acid dragons
  15 hell hounds
  14 black bears
  3 ettin simulacra (IceCv)
  2 swamp drakes
  2 sky beasts
  19 orc warriors
  16 centaurs
  A boggart (D:13)
  23 wolves
  27 ogres
  2 lemures (D:7)
  A phantom (D:5)
  5 kobold brigands
  11 bullfrogs
  2 gnoll sergeants
  3 scorpions
  2 deep troll simulacra (IceCv)
  Dowan (D:7)
  13 killer bees
  A killer bee (shapeshifter) (D:13)
  A lindwurm simulacrum (D:14)
  7 electric eels (Snake:2)
  9 howler monkeys
  2 lava snakes (Lair:3)
  3 hounds
  14 jellies
  14 orc priests
  A gnoll bouda (D:10)
  2 sleepcaps
  Natasha (thrice) (D:2)
  A scorpion zombie (D:4)
  29 orc wizards
  12 iguanas
  5 hell rats (Lair:5)
  Terence (D:2)
  A hound zombie (D:4)
  A hound skeleton (D:4)
  10 gnolls
  6 adders
  A shadow imp (D:7)
  2 white imps
  2 ufetubi
  An adder zombie (D:4)
  5 worms
  A dart slug (D:5)
  61 orcs
  5 ball pythons
  6 bats
  9 endoplasms
  3 giant cockroaches
  11 goblins
  11 hobgoblins
  16 kobolds
  3 quokkas
  5 rats
958 creatures vanquished.

Vanquished Creatures (others)
  A wizard (D:14)
  An unseen horror (D:13)
  A wolf (D:14)
3 creatures vanquished.

Grand Total: 961 creatures vanquished

Notes
Turn   | Place    | Note
-------+----------+-------------------------------------------
     0 | D:1      | Peloso the Minotaur Fighter began the quest for the Orb.
     0 | D:1      | Reached XP level 1. HP: 19/19 MP: 0/0
   145 | D:1      | Reached XP level 2. HP: 27/27 MP: 1/1
   305 | D:1      | Reached skill level 4 in Armour
   810 | D:2      | Noticed Terence
   827 | D:2      | Killed Terence
   828 | D:2      | Reached XP level 3. HP: 12/33 MP: 2/2
   840 | D:2      | Reached XP level 4. HP: 18/41 MP: 3/3
  1107 | D:2      | Noticed Natasha
  1119 | D:2      | Killed Natasha
  1305 | D:2      | Noticed Natasha
  1308 | D:2      | Killed Natasha
  1309 | D:2      | Reached XP level 5. HP: 46/47 MP: 4/4
  1331 | D:2      | Noticed Natasha
  1335 | D:2      | Killed Natasha
  1818 | D:3      | Found Yfioc's Assorted Antiques.
  1869 | D:3      | Bought a smoky sapphire potion for 27 gold pieces
  1869 | D:3      | Bought a fuming golden potion for 27 gold pieces
  2599 | D:4      | Reached skill level 5 in Long Blades
  2697 | D:4      | Reached XP level 6. HP: 55/55 MP: 5/5
  2914 | D:4      | Reached skill level 5 in Armour
  2914 | D:4      | Reached skill level 1 in Dodging
  3034 | D:4      | Reached skill level 5 in Fighting
  3272 | D:5      | Entered Level 5 of the Dungeon
  3409 | D:5      | Found a staircase to the Ecumenical Temple.
  3411 | D:5      | Noticed an orc warrior
  3716 | D:5      | Reached XP level 7. HP: 58/61 MP: 6/6
  4052 | D:4      | Reached skill level 6 in Armour
  4052 | D:4      | Reached skill level 5 in Shields
  4328 | D:5      | Reached XP level 8. HP: 65/70 MP: 7/7
  4445 | Temple   | Entered the Ecumenical Temple
  4496 | Temple   | Became a worshipper of Warmaster Okawaru
  4808 | D:6      | Found Wihiwk's Armour Boutique.
  4852 | D:6      | Reached * piety under Okawaru
  4873 | D:6      | Found a sacrificial altar of Ru.
  4893 | D:6      | Reached skill level 7 in Armour
  4928 | D:6      | Found a shimmering altar of Xom.
  5566 | D:7      | Identified the +2 morningstar "Death Rattle" {speed, rN+
                  | Will+ Int+2}
  5803 | D:7      | Reached XP level 9. HP: 71/78 MP: 6/8
  5852 | D:7      | Noticed Pikel
  5861 | D:7      | Killed Pikel
  5861 | D:7      | Reached ** piety under Okawaru
  5862 | D:7      | Reached skill level 10 in Long Blades
  6065 | D:7      | Reached skill level 8 in Armour
  6141 | D:7      | Noticed Duvessa
  6141 | D:7      | Noticed Dowan
  6157 | D:7      | Killed Duvessa
  6160 | D:7      | Killed Dowan
  6406 | D:7      | Identified a scroll of acquirement
  6592 | D:8      | Noticed Prince Ribbit
  6604 | D:8      | Killed Prince Ribbit
  7101 | D:8      | Reached *** piety under Okawaru
  7212 | Abyss:1  | Cast into level 1 of the Abyss (orc priest)
  7234 | Abyss:1  | Noticed a smoke demon
  7245 | Abyss:1  | Killed a smoke demon
  7246 | Abyss:1  | Reached skill level 9 in Armour
  7269 | Abyss:1  | Reached XP level 10. HP: 26/90 MP: 3/9
  7282 | D:8      | Escaped the Abyss
  8081 | D:9      | Noticed Gastronok
  8107 | D:9      | Killed Gastronok
  8140 | D:9      | Reached **** piety under Okawaru
  8459 | D:9      | Reached skill level 10 in Armour
  8623 | D:10     | Entered Level 10 of the Dungeon
  8665 | D:10     | Noticed a boulder beetle
  8788 | D:10     | Killed a boulder beetle
  8809 | D:10     | Noticed a two-headed ogre
  9200 | D:9      | Killed a two-headed ogre
  9201 | D:9      | Reached XP level 11. HP: 60/99 MP: 3/10
  9201 | D:9      | Reached ***** piety under Okawaru
  9202 | D:9      | Reached skill level 10 in Fighting
  9332 | D:10     | Noticed a soul eater
  9345 | D:10     | Reached skill level 11 in Armour
  9465 | D:10     | Noticed a two-headed ogre
  9666 | D:10     | Killed a two-headed ogre
  9763 | D:10     | Identified the +0 plate armour "Fomeuss" {Int+4 Stlth-}
                  | (Okawaru gifted it to you on level 10 of the Dungeon)
  9763 | D:10     | Received a gift from Okawaru
  9770 | D:10     | Reached skill level 1 in Stealth
 10172 | D:10     | Found a snail-covered altar of Cheibriados.
 10283 | D:10     | Found a staircase to the Orcish Mines.
 10686 | D:11     | Reached skill level 1 in Invocations
 11056 | D:11     | Reached skill level 12 in Armour
 11218 | D:11     | Found a staircase to the Lair.
 11497 | D:11     | Noticed a two-headed ogre
 11502 | D:11     | Killed a two-headed ogre
 11558 | D:11     | Noticed a two-headed ogre
 11567 | D:11     | Killed a two-headed ogre
 11853 | D:11     | Reached XP level 12. HP: 96/110 MP: 9/11
 12513 | D:3      | Bought a pitted war axe for 255 gold pieces
 12513 | D:3      | Identified the +7 war axe of Animal Spirits {holy, rElec
                  | Int+3} (You bought it in a shop on level 3 of the Dungeon)
 12718 | Lair:1   | Entered Level 1 of the Lair of Beasts
 12907 | Lair:1   | Reached skill level 13 in Armour
 14505 | Lair:2   | Found a staircase to the Shoals.
 14546 | Lair:2   | Reached skill level 15 in Long Blades
 14571 | Lair:2   | Identified the +1 ring mail of Zoerevud {Stlth+} (Okawaru
                  | gifted it to you on level 2 of the Lair of Beasts)
 14571 | Lair:2   | Received a gift from Okawaru
 14840 | Lair:2   | Noticed Amaemon
 14853 | Lair:2   | Killed Amaemon
 14891 | Lair:2   | Reached skill level 14 in Armour
 15956 | Lair:3   | Found a staircase to the Snake Pit.
 16423 | Lair:3   | Reached XP level 13. HP: 114/119 MP: 11/13
 16800 | Lair:3   | Found a blossoming altar of Fedhas.
 17488 | D:12     | Reached skill level 1 in Evocations
 17522 | D:12     | Found a gate leading to a gauntlet.
 17549 | D:12     | Reached skill level 15 in Armour
 17567 | Gauntlet | Entered a Gauntlet
 17567 | Gauntlet | Found a transporter.
 17570 | Gauntlet | Found a transporter.
 17572 | Gauntlet | Found a transporter.
 17587 | Gauntlet | Found a transporter.
 17589 | Gauntlet | Found a transporter.
 17605 | Gauntlet | Found a transporter.
 17616 | Gauntlet | Found a transporter.
 17623 | Gauntlet | Found a transporter.
 17638 | Gauntlet | Found a transporter.
 17643 | Gauntlet | Found a transporter.
 17652 | Gauntlet | Found a transporter.
 17656 | Gauntlet | Found a transporter.
 17695 | Gauntlet | Found a transporter.
 17709 | Gauntlet | Found a transporter.
 17872 | Gauntlet | Identified the staff of poison "Muosau" {rPois rC+}
 17951 | Gauntlet | Identified the ring of the Blind Eye {Fire rElec Str-3
                  | Int-4 Dex+4}
 17954 | Gauntlet | Identified the amulet "Zatiad" {RegenMP Rampage Dex+3}
 17985 | Gauntlet | Identified the +0 glaive of the Hawk {antimagic, Fragile
                  | Str+2 Stlth+}
 17985 | Gauntlet | Identified the +1 plate armour of Focus {Regen+ Str-5
                  | Int+7}
 17985 | Gauntlet | Noticed a minotaur
 17995 | Gauntlet | Killed a minotaur
 18002 | Gauntlet | Got the Directory of Heated Nonlocality
 18005 | Gauntlet | Identified the +0 cloak "Iteot" {Slay+3}
 18296 | D:12     | Noticed Fannar
 18305 | D:12     | Killed Fannar
 18308 | D:12     | Noticed Nessos
 18315 | D:12     | Killed Nessos
 18316 | D:12     | Reached skill level 10 in Shields
 18472 | D:12     | Identified the +8 plate armour of Activism {Harm Dex+2}
                  | (Okawaru gifted it to you on level 12 of the Dungeon)
 18472 | D:12     | Received a gift from Okawaru
 18792 | Orc:1    | Entered Level 1 of the Orcish Mines
 19002 | Orc:1    | Found a transporter.
 19004 | Orc:1    | Found a transporter.
 19004 | Orc:1    | Noticed Voland's ghost (journeyman TeAE)
 19439 | Orc:1    | Reached skill level 1 in Axes
 19444 | Orc:1    | Killed Voland's ghost
 19595 | Orc:2    | Entered Level 2 of the Orcish Mines
 19597 | Orc:2    | Found a staircase to the Elven Halls.
 20282 | Orc:2    | Found Yniurebru's Book Boutique.
 20414 | Orc:2    | Found Daecesao's Distillery.
 21271 | Orc:2    | Reached XP level 14. HP: 106/133 MP: 11/15
 21341 | Orc:1    | Reached skill level 16 in Armour
 22149 | Orc:2    | Reached skill level 15 in Fighting
 22162 | Orc:2    | Found Wuchiatz's Assorted Antiques.
 22165 | Orc:2    | Found Sopuyf's Magic Scroll Shoppe.
 22172 | Orc:2    | Found Aginwesm's Antique Armour Boutique.
 22175 | Orc:2    | Bought 2 scrolls of magic mapping for 195 gold pieces
 22590 | Lair:4   | Found a runed translucent door.
 22859 | Lair:4   | Found a glowing silver altar of Zin.
 22925 | Lair:4   | Noticed runemage's ghost (journeyman GnFi)
 23036 | Lair:4   | Noticed Urug
 23047 | Lair:4   | Killed Urug
 23292 | Lair:4   | Killed runemage's ghost
 23304 | Lair:4   | Identified the staff of poison "Manganar" {Drain rPois rF-
                  | Will+ Int+5}
 23328 | Lair:5   | Entered Level 5 of the Lair of Beasts
 23349 | Lair:5   | Received a gift from Okawaru
 23862 | Lair:5   | Reached skill level 17 in Armour
 23941 | Lair:5   | Found a staircase to the Slime Pits.
 24073 | Lair:5   | Got Odonul's Textbook on Fulmination
 24103 | Lair:5   | Found a viscous altar of Jiyva.
 24172 | Lair:5   | Received a gift from Okawaru
 24854 | Lair:5   | Reached XP level 15. HP: 133/143 MP: 16/16
 25246 | Lair:5   | Found a blossoming altar of Fedhas.
 26167 | D:13     | Received a gift from Okawaru
 26377 | D:13     | Reached skill level 18 in Armour
 26400 | D:13     | Identified the +7 quarterstaff of Viju {freeze, rF+ rC- rN+
                  | SInv}
 26497 | D:13     | Noticed a sphinx
 26516 | D:13     | Identified the +5 war axe "Goacewk" {freeze, Stlth+}
                  | (Okawaru gifted it to you on level 13 of the Dungeon)
 26516 | D:13     | Received a gift from Okawaru
 26522 | D:13     | Killed a sphinx
 27338 | D:13     | Found a gate to the Vaults.
 27805 | D:14     | Found a frozen archway.
 27850 | IceCv    | Entered an ice cave
 28157 | IceCv    | Reached XP level 16. HP: 155/155 MP: 15/17
 28468 | IceCv    | Received a gift from Okawaru
 28784 | D:15     | Entered Level 15 of the Dungeon
 29989 | D:15     | Found a staircase to the Depths.
 29999 | D:15     | Received a gift from Okawaru
 30082 | D:15     | Reached skill level 15 in Shields
 30200 | D:15     | Found an ornate altar of the Wu Jian Council.
 30481 | D:15     | Found a radiant altar of Vehumet.
 31409 | Snake:1  | Entered Level 1 of the Snake Pit
 31475 | Snake:1  | Reached skill level 19 in Armour
 31598 | Snake:1  | Reached ****** piety under Okawaru
 31844 | Snake:1  | Identified the +0 plate armour of Okawaru's Condemnation
                  | {Int+4 Dex+3} (Okawaru gifted it to you on level 1 of the
                  | Snake Pit)
 31844 | Snake:1  | Received a gift from Okawaru
 32434 | Snake:2  | Found Tupoev's Book Shop.
 32632 | Snake:2  | Found Quabiob's Assorted Antiques.
 32644 | Snake:2  | Found Huozacof's Antique Weapon Shop.
 32655 | Snake:2  | Found Tuczat's Magic Scroll Boutique.
 32655 | Snake:2  | Found Wiqo's General Store.
 32657 | Snake:2  | Found Okiobbai's Weapon Shop.
 32657 | Snake:2  | Found Fora's Magic Scroll Emporium.
 32663 | Snake:2  | Bought a scroll of blinking for 127 gold pieces
 32864 | Snake:2  | You fall into a shaft and drop 1 floor!
 32876 | Snake:3  | Reached XP level 17. HP: 162/166 MP: 19/19
 34720 | Snake:3  | Received a gift from Okawaru
 34978 | Shoals:1 | Entered Level 1 of the Shoals
 35207 | Shoals:1 | Noticed Kirke
 35308 | Shoals:1 | Killed Kirke
 35711 | Shoals:1 | Identified the +0 leather armour of the Foremost Mice {MP-9
                  | Str+5 Int+3}
 35835 | Shoals:2 | Noticed Polyphemus
 35847 | Shoals:1 | Received a gift from Okawaru
 35848 | Shoals:1 | Reached skill level 5 in Dodging
 36344 | Shoals:2 | Killed Polyphemus
 36740 | Shoals:2 | Reached skill level 20 in Armour
 37279 | Shoals:3 | Noticed Ilsuiw
 37315 | Shoals:3 | HP: 1/168 [merfolk/+0 trident[Ilsuiw] (15)]
 37315 | Shoals:3 | Slain by Ilsuiw

Illustrated notes

Levels and vault maps discovered:
D:1:      psy_arrival_radial02, layout_basic, hangedman_decor_points,
          minmay_domino_2
D:2:      layout_loops_cross, uniq_natasha, uniq_terence
D:3:      minmay_diamond_boxcup, layout_loops_corners, serial_shops,
          nicolae_shop_overgrown_old_shop
D:4:      layout_rooms, serial_undead, serial_undead_c, serial_undead_c,
          serial_undead_e, serial_undead_d
D:5:      layout_basic, temple_fountains
D:6:      cheibrodos_thug_alley, layout_cave_pools,
          mainiacjoe_overflow_large_starburst, serial_shops,
          nicolae_take_the_stairs, chequers_hall_statues_corner_a
D:7:      layout_basic, uniq_duvessa, uniq_pikel
D:8:      layout_loops_ring, chequers_serial_rivers_large_b, minmay_puff,
          uniq_prince_ribbit1
D:9:      layout_long_grid, corner_web_ring, uniq_gastronok
D:10:     layout_rooms, cheibrodos_worm_habitat, minmay_orc_entry_temple_small,
          minmay_alternating_orb
D:11:     layout_gridville, erik_lair_dragon, nicolae_eternal_life,
          hangedman_decor_diamond_cutter
D:12:     layout_roguey, gauntlet_entry_generic, uniq_fannar, uniq_nessos
D:13:     layout_loops_ring, grunt_vaults_entry_fortified, nicolae_rejected_hall
D:14:     layout_long_grid, serial_ice, serial_ice_b, serial_ice_k,
          serial_ice_e, serial_ice_m, portal_ice_cave_entry_ice_simulacra
D:15:     gammafunk_depths_entry_grave, layout_irregular_city, serial_rivers,
          chequers_serial_rivers_micro_d, chequers_serial_rivers_micro_d,
          chequers_serial_rivers_marsh, chequers_serial_rivers_room_a,
          old_standard_altar, nzn_wu_jian_contemplation
Temple:   compressed_dpeg_triangle_lava_temple
Lair:1:   dreamdust_cave_troll, layout_cave_pods, minivault_23,
          serial_bayou_shore_a
Lair:2:   layout_cave_pods, nicolae_shoals_entry_roost, grunt_megastairs_2,
          uniq_amaemon
Lair:3:   layout_loops_ring, nicolae_snake_entry_warm_welcome,
          hangedman_tree_tricks, serial_bayou_shore_b
Lair:4:   layout_gridlike, basic_altar, ebering_ghost_reflecting_pool,
          hibernation_bobbens, serial_bayou_shore_b, uniq_urug
Lair:5:   guppyfry_lair_end_dragon, layout_regular_city,
          hangedman_lair_caniforms_friends, minmay_slime_entry_jelly_boxes,
          tgw_fedhas
Shoals:1: layout_shoals, uniq_kirke
Shoals:2: layout_shoals, uniq_polyphemus
Shoals:3: nicolae_shoals_aurelia_aurita, layout_shoals, uniq_ilsuiw
Snake:1:  layout_misc_corridors
Snake:2:  layout_misc_corridors, serial_bayou, serial_bayou_lake_a,
          serial_bayou_pond_d, serial_bayou_pond_c, serial_bayou_pond_d,
          nicolae_wooded_promenade, nicolae_stop_n_shop_1
Snake:3:  layout_gridlike, hangedman_snake_pattern
Orc:1:    layout_caves, gammafunk_ghost_arena
Orc:2:    st_orc_open, layout_diamond_mine, serial_shops,
          nicolae_shop_tiny_waterfront

Skill      XL: |  1  2  3  4  5  6  7  8  9 10 11 12 13 14 15 16 17 |
---------------+----------------------------------------------------+-----
Shields        | 4 5 6 8 9 10 12 13 16 17 | 17.7
Armour         | 4 5 6 7 9 10 12 14 15 17 18 19 20 | 20.1
Fighting       | 4 5 6 8 9 11 12 14 15 17 18 19 | 19.4
Long Blades    | 3 5 6 7 9 11 12 14 15 16 17 18 19 | 19.4
Dodging        | 1 3 4 5 |  5.1
Stealth        | 1 2 |  2.5
Invocations    | 1 2 3 4 |  4.3
Evocations     | 1 |  1.2
Axes           | 2 3 4 |  4.2

Action                     |  1- 3 |  4- 6 |  7- 9 | 10-12 | 13-15 | 16-18 || total
---------------------------+-------+-------+-------+-------+-------+-------++-------
  Melee: Long sword        |    56 |   183 |   286 |   685 |  1145 |   169 ||  2524
         Headbutt          |    12 |    36 |    61 |   166 |   363 |   297 ||   935
         War axe           |       |       |       |       |    25 |       ||    25
         Hand axe          |       |       |       |       |    34 |       ||    34
         Scimitar          |       |       |       |       |       |   885 ||   885
         Falchion          |       |       |       |       |       |    72 ||    72
 Invoke: Heroism           |       |       |     1 |    12 |    23 |     9 ||    45
  Evoke: Wand              |       |       |       |     1 |     5 |       ||     6
    Use: Scroll            |       |    12 |     4 |     9 |     9 |     4 ||    38
         Potion            |       |     1 |       |     4 |     5 |     8 ||    18
 Armour: Scale mail        |    22 |       |       |       |     7 |       ||    29
         Chain mail        |       |    85 |   102 |       |       |       ||   187
         Plate armour      |       |       |    64 |   367 |   734 |   445 ||  1610
  Dodge: Dodged            |    33 |    54 |    78 |   242 |   464 |   277 ||  1148
  Block: Buckler           |    13 |    39 |    68 |   187 |   383 |       ||   690
         Kite shield       |       |       |       |       |    92 |   872 ||   964
         Reflection        |       |       |       |       |     4 |    74 ||    78
